 Dungeon Crawl Stone Soup version 0.28.0-45-g0d030f2227 (webtiles) character file.

Game seed: 5423181124465364667

24738 protoss039 the Fighter (level 12, -2/103 HPs)
             Began as a Demonspawn Earth Elementalist on May 28, 2022.
             Was a High Priest of Vehumet.
             Slain by a five-headed hydra (6 damage)
             ... while petrified by a basilisk
             ... on level 3 of the Lair of Beasts.
             The game lasted 00:38:49 (18619 turns).

protoss039 the Fighter (DsEE)                      Turns: 18619, Time: 00:38:51

Health: -2/103     AC: 11    Str:  9    XL:     12   Next: 83%
Magic:  22/26      EV:  2    Int: 31    God:    Vehumet [*****.]
Gold:   883        SH:  0    Dex: 14    Spells: 7/32 levels left

rFire   . . .      SeeInvis .   n - +1 dagger (venom)
rCold   . . .      Faith    .   (no shield)
rNeg    + + +      Spirit   .   O - +0 acid dragon scales
rPois   ∞          Reflect  .   c - +0 helmet
rElec   .          Harm     .   q - +0 cloak
rCorr   +          Rampage  .   (no gloves)
Will    .....                   a - +0 pair of boots
Stlth   ++........              I - amulet of magic regeneration
HPRegen 2.27/turn               G - ring of flight
MPRegen 0.60/turn               D - +6 ring of intelligence

@: petrified, flying
A: powered by death 2, powered by pain 1, big brain 2, weakness stinger 2
a: Renounce Religion


You were on level 3 of the Lair of Beasts.
You worshipped Vehumet.
Vehumet was extremely pleased with you.
You visited 3 branches of the dungeon, and saw 17 of its levels.
You also visited: Sewer.

You collected 883 gold pieces.

Inventory:

Hand Weapons
 n - a +1 dagger of venom (weapon)
 L - a +5 dagger of protection
Missiles
 f - 2 throwing nets
 m - 254 stones
Armour
 a - a +0 pair of boots (worn)
 c - a +0 helmet (worn)
 q - a +0 cloak (worn)
 O - +0 acid dragon scales (worn)
Magical Staves
 g - a staff of conjuration
 w - a staff of fire
Jewellery
 b - a ring of protection from cold
 D - a +6 ring of intelligence (right hand)
 F - a ring of positive energy
 G - a ring of flight (left hand)
 I - an amulet of magic regeneration (around neck)
 S - a ring of protection from fire
Wands
 i - a wand of acid (4)
 l - a wand of polymorph (3)
 s - a wand of flame (43)
 y - a wand of paralysis (8)
 R - a wand of iceblast (6)
Scrolls
 e - 3 scrolls of magic mapping
 h - 8 scrolls of teleportation
 k - a scroll of identify
 p - 4 scrolls of amnesia
 t - a scroll of fog
 v - 5 scrolls of enchant armour
 B - a scroll of fear
 K - 2 scrolls of torment
 N - 2 scrolls of blinking
 P - a scroll of summoning
Potions
 d - a potion of attraction {unknown}
 j - 4 potions of curing
 o - a potion of mutation {unknown}
 r - 3 potions of lignification
 u - 3 potions of cancellation
 x - 4 potions of flight
 z - 2 potions of ambrosia
 A - a potion of brilliance {unknown}
 C - a potion of berserk rage {unknown}
 E - 2 potions of might {unknown}
 H - 2 potions of magic {unknown}
 J - a potion of haste {unknown}
 M - 2 potions of invisibility
Miscellaneous
 Q - a phantom mirror


   Skills:
 * Level 12.3 Fighting
 - Level 6.0 Armour
 - Level 1.7 Dodging
 - Level 1.7 Stealth
 * Level 10.6 Spellcasting
 + Level 8.6 Conjurations
 - Level 3.0 Transmutations
 + Level 8.5 Earth Magic


You had 7 spell levels left.
You knew the following spells:

 Your Spells              Type           Power      Damage    Failure   Level
a - Sandblast             Erth           100%       2d20      1%          1
b - Passwall              Tmut/Erth      42%        N/A       1%          2
c - Stone Arrow           Conj/Erth      100%       3d13      1%          3
d - Fireball              Conj/Fire      21%        3d10      6%          5
e - Lee's Rapid Deconstr  Erth           31%        3d17*     1%          5
f - Iskenderun's Mystic   Conj/Tloc      43%        2d10      2%          4
g - Irradiate             Conj/Tmut      25%        3d22      3%          5

Your spell library contained the following spells:

 Spells                   Type           Power      Damage    Failure   Level
 Eringya's Noxious Bog    Tmut/Pois      12%        N/A       65%         6
 Fulminant Prism          Conj/Hex       21%        3d13      2%          4
 Petrify                  Tmut/Erth      51%        N/A       4%          4
 Animate Armour           Summ/Erth      86%        N/A       9%          4
 Gell's Gravitas          Tloc           16%        N/A       14%         3
 Lesser Beckoning         Tloc           16%        N/A       14%         3
 Teleport Other           Tloc           16%        N/A       14%         3
 Starburst                Conj/Fire      21%        6d7       30%         6
 Lehudib's Crystal Spear  Conj/Erth      31%        10d8      89%         8
 Ignition                 Fire           8%         3d5       100%        8


Dungeon Overview and Level Annotations

Branches:
Dungeon (13/15)            Temple (1/1) D:4            Lair (3/6) D:10
    Orc (0/2) D:9          Vaults (0/5) D:13          Sewer (visited)
  Swamp: Lair:2-4    Shoals: Lair:2-4     Snake: Lair:2-4    Spider: Lair:2-4

Altars:
Ashenzari
Cheibriados
Dithmenos
Elyvilon
Fedhas
Gozag
Hepliaklqana
Kikubaaqudgha
Makhleb
Nemelex Xobeh
Okawaru
Qazlal
Ru
Sif Muna
Trog
Uskayaw
Vehumet
Wu Jian
Xom
Yredelemnul
Zin
The Shining One
Beogh

Shops:
D:12 =

Annotations:
D:11 2 transporters, MisterFreud's ghost, journeyman GnDe
D:12 Azrael
Lair:2 2 transporters, SHADDY's ghost, journeyman DgTm


Innate Abilities, Weirdness & Mutations

You regenerate health from kills.
You sometimes gain a little power by taking damage.
You have an extremely huge brain. (Int +4)
You have a tail ending in a sharp stinger.


Message History

The bullfrog hits you but does no damage.
The wolf bites you.
The five-headed hydra bites you but does no damage.
The five-headed hydra bites you.
* * * LOW HITPOINT WARNING * * *
The five-headed hydra bites you but does no damage.
The five-headed hydra bites you.
* * * LOW HITPOINT WARNING * * *
The five-headed hydra bites you but does no damage.
The wolf bites you but does no damage. The yak gores you but does no damage.
The wolf bites you.
* * * LOW HITPOINT WARNING * * *
The bullfrog hits you.
* * * LOW HITPOINT WARNING * * *
The wolf bites you. The cane toad stings you.
* * * LOW HITPOINT WARNING * * *
The water moccasin bites you!
* * * LOW HITPOINT WARNING * * *
The komodo dragon bites you!
* * * LOW HITPOINT WARNING * * *
The five-headed hydra bites you!
* * * LOW HITPOINT WARNING * * *
The five-headed hydra bites you but does no damage.
The five-headed hydra bites you.
The five-headed hydra bites you but does no damage.
The five-headed hydra bites you.
* * * LOW HITPOINT WARNING * * *
The elephant trumpets!
The wolf bites you.
* * * LOW HITPOINT WARNING * * *
The wolf bites you but does no damage.
The bullfrog hits you but does no damage.
The cane toad completely misses you. The yak gores you but does no damage.
The water moccasin bites you.
* * * LOW HITPOINT WARNING * * *
The wolf bites you. x2
The komodo dragon bites you but does no damage.
The bullfrog hits you but does no damage.
The five-headed hydra bites you!
You die...

##.....Y..P
##P........
..........#
>.........###
..!B......##.
#...YYY.....
##..FlDY.....
#...F@Yl.....
.....YShh......
........Y.....#
....FY†.......#
Y............##
..Y.....^....#
...#........P#
...##........P


You could see a boulder beetle, a five-headed hydra, 2 elephants, a komodo
dragon, 9 yaks, a cane toad, a basilisk, a water moccasin, 2 wolves and 2
bullfrogs.

Vanquished Creatures
  Harold (D:7)
  3 two-headed ogres
  5 skeletal warriors
  An ugly thing (D:11)
  Pikel (D:4)
  2 cyclopes
  A manticore (D:12)
  6 elephants (Lair:2)
  A torpor snail (Lair:2)
  2 cane toads (Lair:2)
  An efreet (D:13)
  3 komodo dragons
  A kobold demonologist (D:13)
  4 trolls
  Prince Ribbit (D:7)
  A hornet (D:9)
  13 blink frogs (Lair:2)
  4 dream sheep (Lair:2)
  3 shadows
  A wraith (D:11)
  2 basilisks
  14 yaks
  A water elemental (D:12)
  A wyvern (D:9)
  A steam dragon (D:9)
  2 fire elementals
  3 vampire mosquitoes (D:10)
  2 wargs (D:10)
  Menkaure (D:7)
  An acid dragon (D:9)
  6 water moccasins
  2 hell hounds (D:12)
  3 orc warriors
  A sky beast (D:8)
  A necrophage (D:4)
  7 centaurs
  3 wolves (Lair:3)
  A lemure (D:4)
  3 kobold brigands
  7 bullfrogs
  2 gnoll sergeants
  A wyvern zombie (D:6)
  3 scorpions (D:5)
  8 killer bees
  4 wights (D:8)
  5 electric eels
  A bullfrog zombie (D:6)
  A jelly (D:7)
  A gnoll shaman (D:7)
  4 hounds
  A bullfrog skeleton (D:5)
  8 orc priests
  Crazy Yiuf (D:7)
  3 iguanas
  Ijyb (D:4)
  3 orc wizards
  A killer bee zombie (D:6)
  A hound skeleton (D:5)
  3 howler monkey skeletons
  16 gnolls
  8 adders
  4 river rats
  4 shadow imps
  A white imp (D:6)
  2 ufetubi
  An adder skeleton (D:4)
  A worm (D:2)
  2 dart slugs (D:1)
  21 orcs
  2 bats
  5 endoplasms
  6 giant cockroaches
  9 goblins
  9 hobgoblins
  13 jackals
  18 kobolds
  3 quokkas (D:1)
  7 ball pythons
  A frilled lizard (D:1)
  A quokka skeleton (D:4)
  10 rats
313 creatures vanquished.

Vanquished Creatures (others)
  An orc wizard (D:6)
  4 fungi
  9 plants
14 creatures vanquished.

Grand Total: 327 creatures vanquished

Notes
Turn   | Place    | Note
-------+----------+-------------------------------------------
     0 | D:1      | protoss039 the Demonspawn Earth Elementalist began the
                  | quest for the Orb.
     0 | D:1      | Reached XP level 1. HP: 13/13 MP: 3/3
    83 | D:1      | Reached skill level 1 in Transmutations
   549 | D:1      | Gained mutation: You regenerate a little health from kills.
                  | [demonic ancestry]
   549 | D:1      | Reached XP level 2. HP: 20/20 MP: 1/5
   605 | D:1      | Reached skill level 1 in Fighting
   992 | D:1      | Reached XP level 3. HP: 26/26 MP: 1/6
  1538 | D:2      | Reached skill level 1 in Armour
  1662 | D:2      | Found a faded altar of an unknown god.
  1667 | D:2      | Learned a level 2 spell: Passwall
  1671 | D:2      | Learned a level 3 spell: Stone Arrow
  1953 | D:2      | Reached skill level 2 in Fighting
  2171 | D:2      | Gained mutation: You have a small tail. [demonic ancestry]
  2171 | D:2      | Reached XP level 4. HP: 31/33 MP: 7/7
  3033 | D:3      | Found a stormy altar of Qazlal.
  3270 | D:3      | Reached skill level 1 in Conjurations
  3962 | D:4      | Noticed a necrophage
  3970 | D:4      | Killed a necrophage
  3971 | D:4      | Gained mutation: You have an unusually large brain. (Int
                  | +2) [demonic ancestry]
  3971 | D:4      | Reached XP level 5. HP: 40/40 MP: 1/9
  4050 | D:4      | Found a staircase to the Ecumenical Temple.
  4064 | Temple   | Entered the Ecumenical Temple
  4670 | Temple   | Became a worshipper of Vehumet
  4751 | D:4      | Reached skill level 3 in Fighting
  4950 | D:4      | Reached XP level 6. HP: 11/47 MP: 1/10
  5392 | D:4      | Noticed Ijyb
  5418 | D:4      | Killed Ijyb
  5533 | D:4      | Noticed Pikel
  5543 | D:4      | Killed Pikel
  5544 | D:4      | Reached skill level 4 in Fighting
  5544 | D:4      | Gained mutation: You regenerate health from kills. [demonic
                  | ancestry]
  5544 | D:4      | Reached XP level 7. HP: 29/55 MP: 2/12
  6170 | D:4      | Reached * piety under Vehumet
  6170 | D:4      | Offered knowledge of Shock by Vehumet.
  6257 | D:4      | Reached skill level 5 in Fighting
  6390 | D:5      | Entered Level 5 of the Dungeon
  6718 | D:5      | Gained mutation: You sometimes gain a little power by
                  | taking damage. [demonic ancestry]
  6718 | D:5      | Reached XP level 8. HP: 60/62 MP: 3/14
  7607 | D:6      | Reached skill level 6 in Fighting
  8043 | D:6      | Reached skill level 5 in Earth Magic
  8129 | D:6      | Noticed a troll
  8146 | D:6      | Killed a troll
  8146 | D:6      | Reached ** piety under Vehumet
  8147 | D:6      | Reached skill level 5 in Spellcasting
  8149 | D:6      | Offered knowledge of Magic Dart by Vehumet.
  8150 | D:6      | Reached skill level 7 in Fighting
  8226 | D:6      | Found a glowing drain.
  8232 | D:6      | Reached XP level 9. HP: 72/72 MP: 10/16
  8241 | Sewer    | Entered a sewer
  9075 | D:6      | Learned a level 5 spell: Lee's Rapid Deconstruction
  9080 | D:6      | Learned a level 4 spell: Iskenderun's Mystic Blast
  9100 | D:7      | Noticed Menkaure
  9108 | D:7      | Noticed Prince Ribbit
  9129 | D:7      | Killed Menkaure
  9134 | D:7      | Killed Prince Ribbit
  9280 | D:7      | Offered knowledge of Conjure Flame by Vehumet.
  9342 | D:7      | Reached skill level 5 in Conjurations
  9679 | D:7      | Noticed Harold
 10012 | D:7      | Found a runed translucent door.
 10013 | D:7      | Noticed Crazy Yiuf
 10282 | D:7      | Killed Crazy Yiuf
 10413 | D:8      | Reached *** piety under Vehumet
 10643 | D:8      | Reached skill level 8 in Fighting
 11030 | D:8      | Offered knowledge of Airstrike by Vehumet.
 11552 | D:9      | Found a staircase to the Orcish Mines.
 11565 | D:9      | Noticed a two-headed ogre
 11568 | D:9      | Gained mutation: You have an extremely huge brain. (Int +4)
                  | [demonic ancestry]
 11568 | D:9      | Reached XP level 10. HP: 68/82 MP: 16/20
 11652 | D:9      | Noticed a two-headed ogre
 11658 | D:9      | Killed a two-headed ogre
 11661 | D:9      | Reached skill level 9 in Fighting
 11850 | D:9      | Killed a two-headed ogre
 11970 | D:9      | Noticed a boulder beetle
 12103 | D:9      | Learned a level 5 spell: Fireball
 12104 | D:10     | Entered Level 10 of the Dungeon
 12238 | D:10     | Reached **** piety under Vehumet
 12309 | D:10     | Offered knowledge of Irradiate by Vehumet.
 12321 | D:10     | Learned a level 5 spell: Irradiate
 12510 | D:10     | Found a staircase to the Lair.
 12524 | D:10     | Reached skill level 10 in Fighting
 12525 | D:10     | Reached XP level 11. HP: 90/90 MP: 4/23
 13006 | D:11     | Found a transporter.
 13011 | D:11     | Noticed MisterFreud's ghost (journeyman GnDe)
 13128 | D:11     | Found a transporter.
 13327 | D:11     | Found an iron altar of Okawaru.
 13436 | D:11     | Noticed a red ugly thing
 13441 | D:11     | Killed a red ugly thing
 14049 | D:12     | Noticed a skeletal warrior
 14049 | D:12     | Noticed a skeletal warrior
 14051 | D:12     | Noticed a skeletal warrior
 14051 | D:12     | Noticed a skeletal warrior
 14322 | D:11     | Killed a skeletal warrior
 14412 | D:12     | Noticed Azrael
 14812 | D:12     | Noticed a two-headed ogre
 14821 | D:12     | Killed a two-headed ogre
 14822 | D:12     | Noticed a skeletal warrior
 14874 | D:11     | Killed a skeletal warrior
 14877 | D:11     | Killed a skeletal warrior
 15100 | D:12     | Killed a skeletal warrior
 15175 | D:12     | Killed a skeletal warrior
 15176 | D:12     | Reached skill level 11 in Fighting
 15303 | D:12     | Found Rimeiphu's Jewellery Emporium.
 16024 | D:13     | Noticed a vault guard
 16067 | D:13     | Found a gate to the Vaults.
 16067 | D:13     | Noticed a vault guard
 16067 | D:13     | Noticed a vault guard
 16067 | D:13     | Noticed a vault guard
 16067 | D:13     | Noticed a vault guard
 16067 | D:13     | Noticed a vault guard
 16067 | D:13     | Noticed a vault guard
 16067 | D:13     | Noticed a vault guard
 16073 | D:13     | Gained mutation: You have a tail ending in a sharp stinger.
                  | [demonic ancestry]
 16073 | D:13     | Reached XP level 12. HP: 80/100 MP: 16/25
 16524 | D:7      | Killed Harold
 16525 | D:7      | Reached skill level 5 in Armour
 16673 | Lair:1   | Entered Level 1 of the Lair of Beasts
 16982 | Lair:1   | Reached ***** piety under Vehumet
 16982 | Lair:1   | Offered knowledge of Eringya's Noxious Bog by Vehumet.
 17596 | Lair:2   | Noticed SHADDY's ghost (journeyman DgTm)
 17602 | Lair:2   | Found a transporter.
 17605 | Lair:2   | Noticed a five-headed hydra
 17605 | Lair:2   | Noticed a death yak
 17619 | Lair:2   | Found a transporter.
 17837 | Lair:2   | Reached skill level 10 in Spellcasting
 17954 | Lair:2   | Reached skill level 12 in Fighting
 18608 | Lair:3   | Noticed a boulder beetle
 18611 | Lair:3   | Noticed a five-headed hydra
 18618 | Lair:3   | HP: 5/103 [five-headed hydra (3)]
 18619 | Lair:3   | Slain by a five-headed hydra

Illustrated notes

Levels and vault maps discovered:
D:1:      evilmike_arrival_home_sweet_home, layout_basic
D:2:      layout_basic, shapermc_ecumenical_altar_ellora
D:3:      wander_river, layout_basic, mainiacjoe_overflow_six_doors_small
D:4:      layout_loops_cross, minmay_temple_entry_gardened_gates,
          minmay_circle_x, uniq_ijyb, uniq_pikel
D:5:      layout_loops_ring, kennysheep_cross_room
D:6:      layout_layer_cave, portal_sewer_entry_a, grunt_ministairs_4
D:7:      layout_loops_ring, uniq_crazy_yiuf_cottage, uniq_menkaure,
          uniq_prince_ribbit1, uniq_harold
D:8:      layout_loops_cross, david_defended_altar_orc
D:9:      layout_small_grid, orc_0_dummy, onia_ninara_dug_in_and_dangerous
D:10:     layout_loops_ring, erik_lair_orcish_takeover,
          minmay_misc_feat_pillars, minmay_misc_feat_doors, fungi_pond_lemuel
D:11:     layout_basic, gammafunk_ghost_berserking_beasts,
          okawaru_ov_weapons_minmay
D:12:     layout_cave_pools, serial_shops, nicolae_shop_crystal,
          roderic_st_hans_cross, water_maze_lemuel, uniq_azrael
D:13:     layout_long_grid, erik_vaults_2, serial_shops, shop,
          gammafunk_ghost_abyssal_escape, tso_oasis_becter, uniq_nessos
Temple:   mainiacjoe_temple_starburst
Lair:1:   layout_gridlike, grunt_megastairs_2, serial_bayou_shore_a,
          serial_bayou_shore_b
Lair:2:   layout_cave_pods, nzn_ghost_randoct, infiniplex_staircase_pool
Lair:3:   layout_hall_layers, guppyfry_snake_entry_garden, serial_bayou_pond_e,
          minmay_lair_oklob_bushes

Skill      XL: |  1  2  3  4  5  6  7  8  9 10 11 12 |
---------------+-------------------------------------+-----
Transmutations | 1 3 |  3.0
Fighting       | 1 2 3 4 5 7 8 10 11 12 | 12.3
Earth Magic    | 3 4 5 6 7 8 |  8.5
Armour         | 1 2 3 4 6 |  6.0
Conjurations   | 1 2 3 4 5 6 7 8 |  8.6
Spellcasting   | 3 4 5 6 8 9 10 | 10.6
Dodging        | |  1.7
Stealth        | |  1.7

Action                   |  1- 3 |  4- 6 |  7- 9 | 10-12 || total
-------------------------+-------+-------+-------+-------++-------
Melee: Dagger            |    76 |    70 |   123 |    54 ||   323
       Unarmed           |     6 |       |       |       ||     6
       Punch             |     3 |       |     1 |       ||     4
       Spear             |    40 |    61 |       |       ||   101
       Tailslap          |       |    14 |    31 |    16 ||    61
       Staff             |       |       |       |     3 ||     3
 Cast: Sandblast         |    30 |    20 |    44 |    26 ||   120
       Stone Arrow       |     1 |    14 |   120 |   154 ||   289
       Iskenderun's Myst |       |       |       |    32 ||    32
       Lee's Rapid Decon |       |       |       |    29 ||    29
       Irradiate         |       |       |       |     4 ||     4
       Fireball          |       |       |       |     3 ||     3
Evoke: Wand              |       |       |     1 |       ||     1
  Use: Scroll            |     3 |     4 |     2 |    16 ||    25
       Potion            |     1 |     1 |       |     4 ||     6
 Stab: Sleeping          |     2 |     4 |       |     1 ||     7
Armor: Robe              |    20 |    43 |    38 |       ||   101
       Acid dragon scale |       |       |       |    83 ||    83
Dodge: Dodged            |    99 |    91 |   117 |   100 ||   407
